 Dungeon Crawl Stone Soup version 0.30-a0-422-g946f4849ff (webtiles) character file.

Game seed: 8720914160338571325

483 funkygono the Firebug (level 6, -6/42 HPs)
             Began as a Demonspawn Fire Elementalist on Dec 8, 2022.
             Was an Initiate of Vehumet.
             Mangled by Pikel
             ... wielding a +2 whip of flaming
              (9 damage)
             ... on level 4 of the Dungeon.
             The game lasted 00:08:07 (4270 turns).

funkygono the Firebug (DsFE)                        Turns: 4270, Time: 00:08:07

Health: -6/42      AC:  6    Str:  9    XL:     6   Next: 87%
Magic:  1/12       EV: 13    Int: 18    God:    Vehumet [......]
Gold:   129        SH:  0    Dex: 19    Spells: 3/13 levels left

rFire   . . .      SeeInvis .    h - +3 mace
rCold   . . .      Faith    .    (no shield)
rNeg    . . .      Spirit   .    a - +0 robe
rPois   .          Reflect  .    p - +1 helmet
rElec   .          Harm     .    (no cloak)
rCorr   .          Rampage  .    (no gloves)
Will    .....                    (no boots)
Stlth   ++........               q - amulet of the acrobat
HPRegen 0.27/turn                s - +6 ring of dexterity
MPRegen 0.26/turn                (no ring)

@: no status effects
A: molten scales 1, magic regeneration, demonic magic 1, weakness stinger 1
a: Renounce Religion


You were on level 4 of the Dungeon.
You worshipped Vehumet.
Vehumet was noncommittal.
You visited 2 branches of the dungeon, and saw 6 of its levels.

You collected 129 gold pieces.

Inventory:

Hand Weapons
 c - a +0 dagger
 e - a +0 mace
 h - a +3 mace (weapon)
 m - a +1 whip of pain
Armour
 a - a +0 robe (worn)
 p - a +1 helmet (worn)
Jewellery
 q - an amulet of the acrobat (around neck)
 s - a +6 ring of dexterity (left hand)
Wands
 k - a wand of polymorph (8)
 u - a wand of paralysis (2)
Scrolls
 f - a scroll of blinking
 i - 2 scrolls of teleportation
 j - a scroll of amnesia
 w - a scroll of enchant armour
Potions
 b - a potion of magic
 d - 2 potions of flight
 g - a potion of cancellation
 l - a potion of invisibility {unknown}
 n - a potion of attraction {unknown}
 r - a potion of heal wounds {unknown}
 v - a potion of lignification {unknown}


   Skills:
 + Level 0.6 Fighting
 + Level 1.5 Maces & Flails
 + Level 2.2 Dodging
 - Level 1.7 Stealth
 + Level 4.3 Spellcasting
 + Level 2.5 Conjurations
 + Level 4.8 Fire Magic


You had 3 spell levels left.
You knew the following spells:

 Your Spells              Type           Power      Damage    Failure   Level
a - Foxfire               Conj/Fire      68%        2x1d7     3%          1
b - Scorch                Fire           42%        2d7       3%          2
c - Kindle Blastsparks    Fire/Tloc/Air  18%        2d11      22%         3
d - Flame Wave            Conj/Fire      17%        2d7       30%         4

Your spell library contained the following spells:

 Spells                   Type           Power      Damage    Failure   Level
 Inner Flame              Hex/Fire       12%        N/A       16%         3
 Manifold Assault         Tloc           3%         N/A       80%         4
 Dispersal                Tloc           1%         N/A       100%        6
 Disjunction              Tloc           1%         N/A       100%        8


Dungeon Overview and Level Annotations

Branches:
Dungeon (5/15)             Temple (1/1) D:4

Altars:
Ashenzari
Cheibriados
Fedhas
Gozag
Hepliaklqana
Kikubaaqudgha
Makhleb
Nemelex Xobeh
Okawaru
Qazlal
Ru
Vehumet
Wu Jian
Yredelemnul

Annotations:
D:4 Pikel


Innate Abilities, Weirdness & Mutations

You are partially covered in molten scales. (AC +2)
You regenerate magic rapidly.
Spells you cast may paralyse adjacent enemies.
You have a small tail.


Message History

There is a stone staircase leading down here.
Casting: Scorch (safe; 3% risk of failure)
Confirm with . or Enter, or press ? or * to list all spells.
You conjure some foxfire!
Malevolent energies surge around you.
Pikel hits you with a +2 whip of flaming!
Pikel burns you.
Casting: Foxfire (safe; 3% risk of failure)
Confirm with . or Enter, or press ? or * to list all spells.
Flames lash Pikel.
Pikel is burned terribly!
Pikel is heavily wounded.
Malevolent energies surge around you.
The foxfire hits Pikel but does no damage.
Pikel is heavily wounded.
Pikel closely misses you.
Casting: Scorch (safe; 3% risk of failure)
Confirm with . or Enter, or press ? or * to list all spells.
You conjure some foxfire!
Malevolent energies surge around you.
Pikel hits you with a +2 whip of flaming.
* * * LOW HITPOINT WARNING * * *
Pikel burns you.
* * * LOW HITPOINT WARNING * * *
Casting: Foxfire (safe; 3% risk of failure)
Confirm with . or Enter, or press ? or * to list all spells.
Flames lash Pikel.
Pikel is burned terribly!
Pikel is heavily wounded.
Malevolent energies surge around you.
The foxfire hits Pikel.
Pikel is severely wounded.
The foxfire hits Pikel.
Pikel is severely wounded.
Pikel hits you with a +2 whip of flaming.
* * * LOW HITPOINT WARNING * * *
Pikel burns you.
* * * LOW HITPOINT WARNING * * *
Casting: Scorch (safe; 3% risk of failure)
Confirm with . or Enter, or press ? or * to list all spells.
Flames lash Pikel.
Pikel is burned terribly!
Pikel is almost dead.
Malevolent energies surge around you.
Pikel hits you with a +2 whip of flaming!
You die...

# #####..######.#####.#
#####...................#
##.[..#####.#####.#######
##....# #.# #.# (.....#
##.#####.# ......#
#.....##.# ......#
#.....##.# #####.#
#...#.K.ยง#
#####.####...#.#@##
.............#.#.#
#####........#.#.#
......#####.##.#.#
#####.# #....#.# #.#
######.# #.# #.# #.# #.#
#.# #.#


You could see Pikel (combustible).

Vanquished Creatures
  Menkaure (D:4)
  An ogre (D:4)
  3 lemures (D:4)
  A scorpion (D:4)
  2 hounds (D:4)
  An orc wizard (D:4)
  A gnoll (D:1)
  3 adders
  An ufetubus (D:4)
  2 worms
  3 dart slugs
  13 orcs
  4 ball pythons
  4 bats
  8 endoplasms
  2 giant cockroaches
  5 goblins
  7 hobgoblins
  8 jackals
  3 kobolds
  2 quokkas
  6 frilled lizards
  5 rats
86 creatures vanquished.

Vanquished Creatures (others)
  223 foxfires
223 creatures vanquished.

Grand Total: 309 creatures vanquished

Notes
Turn   | Place    | Note
-------+----------+-------------------------------------------
     0 | D:1      | funkygono the Demonspawn Fire Elementalist began the quest
                  | for the Orb.
     0 | D:1      | Reached XP level 1. HP: 13/13 MP: 3/3
   244 | D:1      | Gained mutation: Spells you cast may paralyse adjacent
                  | enemies. [demonic ancestry]
   244 | D:1      | Reached XP level 2. HP: 19/19 MP: 0/5
   492 | D:1      | Gained mutation: You regenerate magic rapidly. [demonic
                  | ancestry]
   492 | D:1      | Reached XP level 3. HP: 12/24 MP: 0/6
   495 | D:1      | Learned a level 2 spell: Scorch
   499 | D:1      | Learned a level 3 spell: Kindle Blastsparks
  1295 | D:2      | Gained mutation: You have a small tail. [demonic ancestry]
  1295 | D:2      | Reached XP level 4. HP: 30/30 MP: 6/8
  2938 | D:4      | Noticed Menkaure
  2942 | D:4      | Killed Menkaure
  2943 | D:4      | Reached skill level 1 in Maces & Flails
  2943 | D:4      | Gained mutation: You are partially covered in molten
                  | scales. (AC +2) [demonic ancestry]
  2943 | D:4      | Reached XP level 5. HP: 36/36 MP: 4/10
  3078 | D:4      | Found a staircase to the Ecumenical Temple.
  3095 | Temple   | Entered the Ecumenical Temple
  3099 | Temple   | Became a worshipper of Vehumet
  3345 | D:4      | Reached XP level 6. HP: 42/42 MP: 3/11
  3553 | D:4      | Paralysed by a hobgoblin for 4 turns
  3568 | D:4      | Learned a level 4 spell: Flame Wave
  4051 | D:5      | Entered Level 5 of the Dungeon
  4074 | D:5      | Noticed Pikel
  4270 | D:4      | Mangled by Pikel

Illustrated notes

Levels and vault maps discovered:
D:1:      lemuel_arrival_funnel, layout_rooms, hex_large,
          hangedman_abyss_or_decor_stabs, minmay_crystal_water
D:2:      minmay_skewed_foursquare, layout_loops_corners,
          corexii_leaking_fountain
D:3:      layout_loops_ring
D:4:      layout_basic, minmay_temple_entry_mini_moons, moated_statue,
          uniq_menkaure
D:5:      minmay_general_purpose_star, layout_basic, uniq_duvessa,
          uniq_blork_the_orc, uniq_pikel
Temple:   nicolae_temple_bog_church

Skill      XL: |  1  2  3  4  5  6 |
---------------+-------------------+-----
Fire Magic     | 3 4 |  4.8
Spellcasting   | 3 4 |  4.3
Maces & Flails | 1 |  1.5
Dodging        | 2 |  2.2
Conjurations   | 2 |  2.5
Fighting       | |  0.6
Stealth        | |  1.7

Action                   |  1- 3 |  4- 6 || total
-------------------------+-------+-------++-------
Melee: Mace              |    19 |    30 ||    49
       Punch             |     1 |     1 ||     2
       Whip              |       |     9 ||     9
       Tailslap          |       |     8 ||     8
 Cast: Foxfire           |    58 |    84 ||   142
       Scorch            |     5 |    31 ||    36
  Use: Scroll            |       |    10 ||    10
 Stab: Paralysed         |     7 |     4 ||    11
Armor: Robe              |     4 |    10 ||    14
Dodge: Dodged            |    16 |    36 ||    52

Table legend: (Time is in decaauts)
 A = Elapsed time spent in this place.
 B = Non-inter-level travel time spent in this place.
 C = Inter-level travel time spent in this place.
 D = Time resting spent in this place.
 E = Time spent auto-exploring this place.
 F = Levels seen in this place.
 G = Mean time per level.
                   A        B        C        D        E       F      G
               +--------+--------+--------+--------+--------+-----+--------+
         Total |   4298 |   4160 |    138 |    172 |   3309 |   6 |  716.3 |
       Dungeon |   4086 |   3958 |    128 |    172 |   3118 |   5 |  817.2 |
        Temple |    212 |    203 |      9 |      0 |    191 |   1 |  212.0 |
               +--------+--------+--------+--------+--------+-----+--------+

Top non-repeatable levels by time:
     D:4: 1165 daAuts
     D:2: 1120 daAuts
     D:1: 916 daAuts
     D:3: 833 daAuts
  Temple: 212 daAuts
     D:5: 50 daAuts
